 Dungeon Crawl Stone Soup version 0.23.0-3-gf3c87f2 (webtiles) character file.

Game seed: 6834992514119051239

35 Azzok the Slasher (level 3, -6/26 HPs)
             Began as an Octopode Fighter on Feb 22, 2019.
             Mangled by a black bear (7 damage)
             ... on level 4 of the Dungeon.
             The game lasted 00:01:30 (1246 turns).

Azzok the Slasher (Octopode Fighter)                Turns: 1246, Time: 00:01:31

Health: -6/26      AC:  1    Str: 15    XL:     3   Next: 33%
Magic:  3/3        EV: 11    Int: 11    God:
Gold:   43         SH:  8    Dex: 11    Spells: 2/2 levels left

rFire    + . .     SeeInvis .   a - +0 long sword
rCold    . . .     Gourm    .   b - +0 shield
rNeg     . . .     Faith    .   (helmet restricted)
rPois    .         Spirit   .   (no amulet)
rElec    .         Reflect  .   h - ring of wizardry
rCorr    .         Harm     .   o - ring of protection from fire
MR       .....                  (no ring)
Stlth    ++........             (no ring)
HPRegen  0.08/turn              (no ring)
MPRegen  0.08/turn              (no ring)
                                (no ring)
                                (no ring)

@: no status effects
A: almost no armour, stealthy swim, amphibious, 8 rings, constrict 8, camouflage
1, gelatinous body 1
a: no special abilities


You were on level 4 of the Dungeon.
You were not hungry.

You visited 1 branch of the dungeon, and saw 3 of its levels.

You collected 43 gold pieces.

Inventory:

Hand Weapons
 a - a +0 long sword (weapon)
Armour
 b - a +0 shield (worn)
Jewellery
 h - a ring of wizardry (left tentacle)
 o - a ring of protection from fire (right tentacle)
Scrolls
 e - 2 scrolls of teleportation {unknown}
 f - 2 scrolls of identify {unknown}
 g - 2 scrolls of immolation {unknown}
 n - a scroll of enchant armour {unknown}
 p - a scroll of fear {unknown}
Potions
 c - a potion of might
 j - a potion of curing {unknown}
 k - a potion of mutation {unknown}
 l - a potion of brilliance {unknown}
 m - 2 potions of heal wounds {unknown}
Comestibles
 d - 3 rations
 i - 12 chunks of flesh


   Skills:
 - Level 3.0 Fighting
 + Level 3.6 Long Blades
 - Level 3.0 Dodging
 - Level 3.0 Shields


You had 2 spell levels left.
You didn't know any spells.
Your spell library was empty.

Dungeon Overview and Level Annotations

Branches:
Dungeon (2/15)

Altars:
Ru

Shops:
D:4 *


Innate Abilities, Weirdness & Mutations

You cannot wear most types of armour.
You are very stealthy in the water. (Stealth+)
You are amphibious.
You can wear up to eight rings at the same time.
You can use your tentacles to constrict eight enemies at once.
Your skin changes colour to match your surroundings (Stealth+).
Your rubbery body absorbs attacks. (AC +1, EV +1)


Message History

You are too injured to fight recklessly!
You are too injured to fight recklessly!
You are too injured to fight recklessly!
You are too injured to fight recklessly!
You slash the black bear!
The black bear is heavily wounded.
You constrict the black bear. The black bear bites you.
The black bear claws you. You block the black bear's attack.
You hit the black bear. You squeeze the black bear.
The black bear is almost dead.
You constrict the black bear.
The black bear goes berserk!
The black bear bites you!
* * * LOW HITPOINT WARNING * * *
The black bear barely misses you. The black bear claws you.
* * * LOW HITPOINT WARNING * * *
You hit the black bear but do no damage.
Your squeeze misses the black bear.
The black bear is almost dead.
You constrict the black bear. The black bear bites you!
You die...

···▒ ··▒ ·····▒···▒▒
··▒▒ ·····▒▒·$·· ▒····
·········▒▒▒ ·····
···········▒▒·····
▒················· ▒<▒
▒·············
···▒▒▒▒·▒▒▒········▒
·······@·▒▒······▒·▒ ·
·▒·$··h······▒···▒····
∩···········▒▒·····▒···
·▒··········▒······▒····
··········!········▒ ···
····················▒···
·▒▒·····················
▒····················
▒··········▒▒·▒·····▒


You could see a black bear (berserk).

Vanquished Creatures
  A dart slug (D:1)
  2 leopard geckos
  2 ball pythons
  2 bats
  2 giant cockroaches
  A goblin (D:1)
  3 hobgoblins (D:1)
  4 jackals (D:2)
  5 kobolds
  3 frilled lizards (D:1)
  3 rats (D:2)
  A bush (D:1)
29 creatures vanquished.

Notes
Turn   | Place    | Note
-------+----------+-------------------------------------------
     0 | D:1      | Azzok the Octopode Fighter began the quest for the Orb.
     0 | D:1      | Reached XP level 1. HP: 16/16 MP: 1/1
   207 | D:1      | Reached XP level 2. HP: 17/21 MP: 2/2
  1034 | D:2      | Found a sacrificial altar of Ru.
  1040 | D:2      | Reached XP level 3. HP: 26/26 MP: 3/3
  1184 | D:2      | You fall through a shaft for 2 floors!
  1239 | D:4      | Noticed a black bear
  1242 | D:4      | Found Yrupros's Assorted Antiques.
  1245 | D:4      | HP: 1/26 [black bear (1)]
  1246 | D:4      | Mangled by a black bear

Skill      XL: |  1  2 |
---------------+-------+-----
Long Blades    | 3 |  3.6
Fighting       | |  3.0
Dodging        | |  3.0
Shields        | |  3.0

Action                   || total
-------------------------++-------
Melee: Long sword        ||   105
       Constrict         ||    13
       Tentacles         ||    29
 Stab: Sleeping          ||     3
  Eat: Chunk             ||     1
Armor: Skin              ||     3
Dodge: Dodged            ||    17
Block: Shield            ||    18
       Rpst.: Long sword ||     1
